 Dungeon Crawl Stone Soup version 0.29-a0-284-gf9362112df (webtiles) character file.

Game seed: 9785638523811089092

23 garrulousMonolith the Skirmisher (level 3, -1/33 HPs)
             Began as a Hill Orc Fighter on Mar 24, 2022.
             Slain by a gnoll
             ... wielding a +0 flail
              (9 damage)
             ... on level 2 of the Dungeon.
             The game lasted 00:01:30 (991 turns).

garrulousMonolith the Skirmisher (Hill Orc Fighter)  Turns: 991, Time: 00:01:30

Health: -1/33      AC:  6    Str: 15 (18) XL:     3   Next: 0%
Magic:  3/3        EV:  8    Int:  7 (10) God:
Gold:   70         SH:  4    Dex:  8 (10) Spells: 2/2 levels left

rFire   . . .      SeeInvis .   a - +0 war axe
rCold   . . .      Faith    .   c - +0 buckler
rNeg    . . .      Spirit   .   b - +0 scale mail
rPois   .          Reflect  .   (no helmet)
rElec   .          Harm     .   (no cloak)
rCorr   .          Rampage  .   (no gloves)
Will    .....                   (no boots)
Stlth   ..........              (no amulet)
HPRegen 0.11/turn               (no ring)
MPRegen 0.08/turn               (no ring)

@: mighty
A: no striking features
a: no special abilities


You were on level 2 of the Dungeon.
You visited 1 branch of the dungeon, and saw 2 of its levels.

You collected 70 gold pieces.

Inventory:

Hand Weapons
 a - a +0 war axe (weapon)
Missiles
 k - 6 poisoned darts (quivered)
Armour
 b - a +0 scale mail (worn)
 c - a +0 buckler (worn)
Jewellery
 e - a ring of flight
Scrolls
 g - a scroll of amnesia {unknown}
 h - a scroll of identify {unknown}
 j - a scroll of teleportation {unknown}
 l - a scroll of enchant armour {unknown}
Potions
 d - a potion of might
 f - a potion of degeneration
 i - a potion of lignification {unknown}


   Skills:
 + Level 3.8 Fighting
 * Level 3.3 Axes
 + Level 3.4 Armour
 + Level 0.4 Dodging
 + Level 3.4 Shields
 + Level 1.1 Invocations


You had 2 spell levels left.
You didn't know any spells.
Your spell library was empty.

Dungeon Overview and Level Annotations

Branches:
Dungeon (2/15)

Altars:


Message History

The gnoll shouts!
You hear a shout!
A gnoll comes into view. It is wielding a +0 whip.
A gnoll comes into view. It is wielding a +0 flail.
The gnoll shouts! x2; You hear an angry hiss.
An endoplasm comes into view.
The endoplasm quivers.
A frilled lizard comes into view.
The gnoll barely misses you.
You hit the gnoll.
The gnoll is lightly wounded.
You block the gnoll's attack.
You hit the gnoll.
The gnoll is moderately wounded.
You barely miss the gnoll.
The frilled lizard hisses.
The gnoll hits you with a +0 flail!
You are too injured to fight recklessly!
The gnoll attacks as you move away! The gnoll hits you with a +0 flail.
The gnoll attacks as you move away! The gnoll hits you with a +0 flail.
* * * LOW HITPOINT WARNING * * *
It was a potion of degeneration.
There was something very wrong with that liquid.
You feel weakened.
You feel dopey.
You feel clumsy. The gnoll completely misses you. The gnoll closely misses you.
You block the gnoll's attack.
You feel very mighty all of a sudden.
You closely miss the gnoll. The gnoll hits you with a +0 whip.
* * * LOW HITPOINT WARNING * * *
The gnoll barely misses you.
You slash the gnoll!
You kill the gnoll!
You have reached level 3!
Your experience leads to an increase in your attributes!
Your base attributes are Str 18, Int 8, Dex 10.
Increase (S)trength, (I)ntelligence, or (D)exterity?
You feel clever. x2
You slash the gnoll!
The gnoll is almost dead.
The gnoll hits you with a +0 flail!
You die...

#..............
#..............
#..............
#........# +........+
#........## #####g....+
###### #####l#####
#....####### #..@gg..#
#........... #.###.#.#
#....### #.# #.#.#
#...<'.# ##'###+#.#.
#....#.# #..........
...###.# #........)#
#### #.# #.........#
######.#######'###+####
.....#.#.....#.#


You could see 2 gnolls and a frilled lizard.

Vanquished Creatures
  A gnoll (D:2)
  2 endoplasms (D:1)
  A giant cockroach (D:1)
  A hobgoblin (D:1)
  2 jackals (D:1)
  A quokka (D:1)
  2 bats (D:1)
  3 frilled lizards (D:1)
13 creatures vanquished.

Notes
Turn   | Place    | Note
-------+----------+-------------------------------------------
     0 | D:1      | garrulousMonolith the Hill Orc Fighter began the quest for
                  | the Orb.
     0 | D:1      | Reached XP level 1. HP: 19/19 MP: 1/1
   287 | D:1      | Reached XP level 2. HP: 27/27 MP: 2/2
   791 | D:1      | Reached skill level 1 in Invocations
   991 | D:2      | Reached XP level 3. HP: 8/33 MP: 3/3
   991 | D:2      | Slain by a gnoll

Illustrated notes

Levels and vault maps discovered:
D:1:      dpeg_arrival_yet_another_circle, layout_loops_ring
D:2:      layout_basic, basic_ecumenical_altar

Skill      XL: |  1  2 |
---------------+-------+-----
Axes           | 3 |  3.3
Invocations    | 1 |  1.1
Fighting       | |  3.8
Armour         | |  3.4
Dodging        | |  0.4
Shields        | |  3.4

Action                   || total
-------------------------++-------
Melee: War axe           ||    40
  Use: Potion            ||     2
Armor: Scale mail        ||    28
Dodge: Dodged            ||    24
Block: Buckler           ||    10

Table legend: (Time is in decaauts)
 A = Elapsed time spent in this place.
 B = Non-inter-level travel time spent in this place.
 C = Inter-level travel time spent in this place.
 D = Time resting spent in this place.
 E = Time spent auto-exploring this place.
 F = Levels seen in this place.
 G = Mean time per level.
                   A        B        C        D        E       F      G
               +--------+--------+--------+--------+--------+-----+--------+
         Total |   1005 |    867 |    138 |      0 |    749 |   2 |  502.5 |
       Dungeon |   1005 |    867 |    138 |      0 |    749 |   2 |  502.5 |
               +--------+--------+--------+--------+--------+-----+--------+

Top non-repeatable levels by time:
     D:1: 847 daAuts
     D:2: 158 daAuts
